[ AOE2 MATCH · #464950249 ]
UnrankedItalians vs Koreans
[ REPLAY ANALYSIS · EXTRACTED FROM THE RECORDED GAME ]
Feudal
14:04
Castle
31:29
Imperial
43:56
| APM avg | 30.1 |
| APM peak | 66 |
| eAPM avg | 14.4 |
| Villagers / military | 119 / 225 |
Focus
⚔️ 28.5% · 🌾 71.5%
Skirmisher ×81 · Fishing Ship ×48 · Hand Cannoneer ×47 · Scout Cavalry ×44 · Bombard Cannon ×38 · Demolition Raft ×10
Feudal
11:57
Castle
21:29
Imperial
48:16
| APM avg | 19.4 |
| APM peak | 48 |
| eAPM avg | 12.4 |
| Villagers / military | 124 / 293 |
Focus
⚔️ 32.7% · 🌾 67.3%
Spearman ×84 · Hand Cannoneer ×55 · Fishing Ship ×51 · Scout Cavalry ×50 · Fire Lancer ×45 · Skirmisher ×40
Feudal
12:17
Castle
19:31
Imperial
35:27
| APM avg | 32.2 |
| APM peak | 75 |
| eAPM avg | 14.6 |
| Villagers / military | 72 / 132 |
Focus
⚔️ 50.3% · 🌾 49.7%
Spearman ×106 · Unknown (2579) ×81 · Unknown (2550) ×19 · Demolition Raft ×14 · Galley ×10 · Fishing Ship ×6
Feudal
10:15
Castle
18:41
Imperial
35:56
| APM avg | 25.6 |
| APM peak | 53 |
| eAPM avg | 14.0 |
| Villagers / military | 142 / 290 |
Focus
⚔️ 28.4% · 🌾 71.6%
Knight ×288 · Trade Cart ×23 · Monk ×2
Feudal
10:09
Castle
25:05
Imperial
43:16
| APM avg | 30.3 |
| APM peak | 77 |
| eAPM avg | 16.4 |
| Villagers / military | 154 / 340 |
Focus
⚔️ 52.2% · 🌾 47.8%
Spearman ×196 · Archer ×67 · Skirmisher ×60 · Trebuchet (Packed) ×7 · Mangonel ×6 · Eagle Scout ×4
Feudal
17:38
Castle
24:38
Imperial
42:10
| APM avg | 21.0 |
| APM peak | 54 |
| eAPM avg | 13.0 |
| Villagers / military | 106 / 393 |
Focus
⚔️ 34.0% · 🌾 66.0%
Skirmisher ×163 · Berserk ×140 · Longboat ×67 · Fishing Ship ×41 · Galley ×18 · Trebuchet (Packed) ×3
Match map
Initial resources + every placement click. Lines = walls · curves = elevation contours. ◆ gold · ⬟ stone · ● berries · ✦ relic · ◌ wall gap
Your base· Open — unwalled flank
SURTIME's base· Open — unwalled flank
filas95's base· Open — unwalled flank
Mrink's base· Open — unwalled flank
culturaparacas's base· Open — 4t gap
Alvaro_Pirichy's base· Open — unwalled flank
Smoothed initial terrain · ◌ = detected wall gap · hover for details
Inputs per minute
— Carlomagno_dp - - SURTIME
Build order — Carlomagno_dp
First 150 of 493 actions detected
| 0:02 | Create | Villager (Male) |
| 0:02 | Create | Villager (Male) |
| 0:02 | Create | Villager (Male) |
| 0:04 | Build | House |
| 0:06 | Build | House |
| 0:41 | Create | Villager (Male) |
| 0:42 | Create | Villager (Male) |
| 1:30 | Create | Villager (Male) |
| 2:01 | Build | Lumber Camp |
| 2:10 | Create | Villager (Male) |
| 2:10 | Create | Villager (Male) |
| 2:41 | Create | Villager (Male) |
| 2:41 | Create | Villager (Male) |
| 3:02 | Create | Villager (Male) |
| 3:27 | Create | Villager (Male) |
| 3:40 | Build | House |
| 3:57 | Create | Villager (Male) |
| 3:57 | Create | Villager (Male) |
| 4:11 | Create | Villager (Male) |
| 4:41 | Create | Villager (Male) |
| 4:41 | Create | Villager (Male) |
| 6:15 | Create | Villager (Male) |
| 6:16 | Create | Villager (Male) |
| 7:24 | Create | Villager (Male) |
| 7:25 | Create | Villager (Male) |
| 7:25 | Create | Villager (Male) |
| 7:47 | Build | Dock |
| 7:51 | Create | Villager (Male) |
| 7:51 | Create | Villager (Male) |
| 7:51 | Create | Villager (Male) |
| 7:52 | Create | Villager (Male) |
| 7:52 | Create | Villager (Male) |
| 7:52 | Create | Villager (Male) |
| 8:08 | Build | Dock |
| 8:18 | Build | House |
| 8:50 | Build | Lumber Camp |
| 9:16 | Create | Fishing Ship |
| 9:40 | Create | Villager (Male) |
| 9:54 | Create | Fishing Ship |
| 9:54 | Create | Fishing Ship |
| 10:04 | Build | House |
| 10:11 | Build | House |
| 10:21 | Create | Fishing Ship |
| 10:47 | Build | Mill |
| 10:53 | Create | Fishing Ship |
| 10:53 | Create | Fishing Ship |
| 11:09 | Create | Fishing Ship |
| 11:09 | Create | Fishing Ship |
| 11:17 | Build | House |
| 11:29 | Research | Loom |
| 11:33 | Research | Feudal Age |
| 11:39 | Create | Fishing Ship |
| 11:43 | Build | House |
| 12:12 | Build | House |
| 12:21 | Create | Fishing Ship |
| 12:21 | Create | Fishing Ship |
| 12:21 | Create | Fishing Ship |
| 12:43 | Create | Fishing Ship |
| 12:43 | Create | Fishing Ship |
| 13:01 | Create | Villager (Male) |
| 13:05 | Build | Mining Camp |
| 13:17 | Create | Villager (Male) |
| 13:31 | Create | Fishing Ship |
| 13:31 | Create | Fishing Ship |
| 13:54 | Build | Barracks |
| 14:04 | Age | Feudal Age |
| 14:31 | Create | Villager (Male) |
| 14:35 | Create | Villager (Male) |
| 14:39 | Build | Stable |
| 14:47 | Build | Stable |
| 15:00 | Research | Double-Bit Axe |
| 15:02 | Research | Horse Collar |
| 15:20 | Create | Fishing Ship |
| 15:20 | Create | Fishing Ship |
| 15:20 | Create | Fishing Ship |
| 15:39 | Research | Bloodlines |
| 15:40 | Create | Scout Cavalry |
| 15:41 | Create | Scout Cavalry |
| 15:41 | Create | Scout Cavalry |
| 16:20 | Create | Scout Cavalry |
| 16:32 | Research | Tech 906 |
| 16:33 | Create | Fishing Ship ×4 |
| 16:33 | Create | Fishing Ship ×4 |
| 16:45 | Research | Town Watch |
| 16:56 | Build | House |
| 17:20 | Create | Scout Cavalry |
| 17:20 | Create | Scout Cavalry |
| 17:20 | Create | Scout Cavalry |
| 18:27 | Create | Villager (Male) |
| 18:27 | Create | Villager (Male) |
| 18:32 | Build | House |
| 18:51 | Create | Scout Cavalry |
| 18:51 | Create | Scout Cavalry |
| 19:20 | Build | Lumber Camp |
| 19:35 | Create | Villager (Male) |
| 19:35 | Create | Villager (Male) |
| 19:46 | Create | Scout Cavalry |
| 19:47 | Create | Scout Cavalry |
| 21:03 | Create | Fire Galley |
| 21:04 | Create | Fire Galley |
| 21:14 | Create | Galley |
| 21:14 | Create | Galley |
| 21:14 | Create | Galley |
| 21:46 | Create | Fishing Ship |
| 21:47 | Create | Fishing Ship |
| 21:47 | Create | Fishing Ship |
| 22:21 | Build | Lumber Camp |
| 22:38 | Create | Villager (Male) |
| 22:38 | Create | Villager (Male) |
| 22:51 | Build | Dock |
| 23:03 | Create | Scout Cavalry |
| 23:03 | Create | Scout Cavalry |
| 23:03 | Create | Scout Cavalry |
| 23:13 | Create | Villager (Male) |
| 23:37 | Build | House |
| 23:38 | Build | House |
| 23:39 | Build | House |
| 23:59 | Create | Villager (Male) |
| 24:03 | Build | House |
| 24:04 | Build | House |
| 24:05 | Build | House |
| 24:18 | Create | Fishing Ship |
| 24:19 | Create | Fishing Ship |
| 24:19 | Create | Fishing Ship |
| 24:19 | Create | Fishing Ship |
| 24:20 | Create | Fishing Ship |
| 24:25 | Create | Fishing Ship |
| 24:25 | Create | Fishing Ship |
| 24:26 | Create | Fishing Ship |
| 24:55 | Build | House |
| 24:55 | Build | House |
| 24:56 | Build | House |
| 24:57 | Build | House |
| 25:02 | Create | Villager (Male) |
| 25:03 | Create | Villager (Male) |
| 25:03 | Create | Villager (Male) |
| 25:26 | Create | Fishing Ship |
| 25:34 | Build | Dock |
| 25:37 | Research | Horse Collar |
| 25:49 | Build | Farm |
| 25:49 | Build | Farm |
| 25:49 | Build | Farm |
| 25:49 | Build | Farm |
| 25:50 | Build | Farm |
| 25:50 | Build | Farm |
| 25:50 | Build | Farm |
| 25:51 | Build | Farm |
| 25:51 | Build | Farm |
| 25:51 | Build | Farm |
| 26:21 | Create | Scout Cavalry |
Build order — SURTIME
First 150 of 553 actions detected
| 0:03 | Build | House |
| 0:05 | Build | House |
| 0:06 | Create | Villager (Male) ×4 |
| 0:06 | Research | Loom |
| 1:33 | Create | Villager (Male) |
| 1:55 | Build | Dock |
| 2:17 | Create | Villager (Male) |
| 2:46 | Create | Villager (Male) |
| 3:12 | Create | Villager (Male) ×2 |
| 3:50 | Create | Villager (Male) |
| 4:03 | Build | House |
| 4:05 | Build | House |
| 4:22 | Create | Villager (Male) |
| 4:49 | Create | Villager (Male) ×2 |
| 5:25 | Build | Lumber Camp |
| 5:48 | Create | Villager (Male) |
| 5:56 | Build | House |
| 6:14 | Create | Villager (Male) |
| 6:37 | Create | Fishing Ship |
| 6:44 | Create | Villager (Male) ×2 |
| 7:02 | Create | Fishing Ship |
| 7:32 | Create | Villager (Male) |
| 7:52 | Create | Villager (Male) |
| 7:54 | Create | Fishing Ship |
| 8:23 | Build | Mill |
| 8:26 | Create | Villager (Male) |
| 8:42 | Create | Villager (Male) |
| 8:49 | Build | House |
| 8:51 | Build | House |
| 9:03 | Build | House |
| 9:04 | Build | House |
| 9:09 | Create | Villager (Male) |
| 9:47 | Research | Feudal Age |
| 9:50 | Create | Fishing Ship |
| 10:19 | Build | Lumber Camp |
| 10:40 | Create | Fishing Ship |
| 11:18 | Create | Fishing Ship |
| 11:36 | Create | Villager (Male) ×5 |
| 11:57 | Age | Feudal Age |
| 14:11 | Create | Villager (Male) |
| 14:12 | Create | Villager (Male) |
| 14:12 | Create | Villager (Male) |
| 14:27 | Build | Mining Camp |
| 14:30 | Create | Villager (Male) |
| 14:36 | Create | Fishing Ship |
| 14:37 | Create | Fishing Ship |
| 14:37 | Create | Fishing Ship |
| 14:47 | Build | Dock |
| 14:52 | Build | Dock |
| 15:28 | Build | Market |
| 15:39 | Build | Blacksmith |
| 15:48 | Build | Blacksmith |
| 15:56 | Create | Villager (Male) |
| 15:56 | Create | Villager (Male) |
| 15:57 | Create | Villager (Male) |
| 16:13 | Create | Fishing Ship |
| 16:14 | Create | Fishing Ship |
| 16:19 | Create | Fishing Ship |
| 16:19 | Create | Fishing Ship |
| 16:25 | Create | Fishing Ship |
| 16:31 | Research | Tech 906 |
| 16:55 | Build | Mining Camp |
| 16:58 | Build | House |
| 17:02 | Build | House |
| 17:04 | Build | House |
| 17:06 | Build | House |
| 17:08 | Build | Palisade Wall |
| 17:17 | Build | Mining Camp |
| 17:48 | Create | Villager (Male) |
| 18:02 | Create | Villager (Male) |
| 18:13 | Research | Double-Bit Axe |
| 18:42 | Create | Fishing Ship |
| 18:42 | Create | Fishing Ship |
| 18:43 | Create | Fishing Ship |
| 18:49 | Research | Castle Age |
| 19:18 | Build | Mining Camp |
| 19:24 | Build | Mining Camp |
| 19:46 | Create | Fishing Ship |
| 20:00 | Create | Unit 2626 |
| 20:01 | Create | Unit 2626 |
| 20:01 | Create | Unit 2626 |
| 20:01 | Create | Unit 2626 |
| 20:01 | Create | Unit 2626 |
| 20:01 | Create | Unit 2626 |
| 20:45 | Create | Unit 2626 |
| 20:45 | Create | Unit 2626 |
| 20:45 | Create | Unit 2626 |
| 21:15 | Build | Dock |
| 21:23 | Create | Villager (Male) |
| 21:24 | Create | Villager (Male) |
| 21:24 | Create | Villager (Male) |
| 21:25 | Create | Villager (Male) |
| 21:29 | Age | Castle Age |
| 21:38 | Create | Unit 2626 |
| 21:39 | Create | Unit 2626 |
| 21:39 | Create | Unit 2626 |
| 21:41 | Research | Gillnets |
| 22:10 | Build | Lumber Camp |
| 22:15 | Build | House |
| 22:17 | Build | House |
| 22:19 | Build | House |
| 22:22 | Build | House |
| 22:24 | Build | House |
| 22:28 | Build | House |
| 22:29 | Build | House |
| 22:29 | Build | House |
| 22:29 | Build | House |
| 22:30 | Build | House |
| 23:43 | Create | Turtle Ship |
| 23:44 | Create | Turtle Ship |
| 23:44 | Create | Turtle Ship |
| 23:50 | Build | House |
| 23:51 | Build | House |
| 23:51 | Build | House |
| 23:51 | Build | House |
| 23:52 | Build | House |
| 23:52 | Build | House |
| 23:52 | Build | House |
| 24:11 | Create | Villager (Male) |
| 24:11 | Create | Villager (Male) |
| 24:11 | Create | Villager (Male) |
| 24:12 | Create | Villager (Male) |
| 24:12 | Create | Villager (Male) |
| 24:12 | Create | Villager (Male) |
| 25:04 | Create | Villager (Male) |
| 25:04 | Create | Villager (Male) |
| 25:10 | Build | Town Center |
| 25:20 | Build | Town Center |
| 25:59 | Build | House |
| 25:59 | Build | House |
| 25:59 | Build | House |
| 25:59 | Build | House |
| 26:00 | Build | House |
| 26:01 | Build | House |
| 26:01 | Build | House |
| 26:01 | Build | House |
| 26:02 | Build | House |
| 26:02 | Build | House |
| 26:02 | Build | House |
| 26:51 | Create | Turtle Ship |
| 26:51 | Create | Turtle Ship |
| 26:52 | Create | Turtle Ship |
| 26:54 | Create | Turtle Ship |
| 26:55 | Create | Turtle Ship |
| 27:01 | Create | Villager (Male) |
| 27:02 | Create | Villager (Male) |
| 27:02 | Create | Villager (Male) |
| 27:05 | Create | Villager (Male) |
| 27:05 | Create | Villager (Male) |
| 27:09 | Create | Villager (Male) |
Build order — filas95
First 150 of 439 actions detected
| 0:05 | Build | House |
| 0:05 | Create | Villager (Male) |
| 0:06 | Create | Villager (Male) |
| 0:06 | Create | Villager (Male) |
| 0:06 | Create | Villager (Male) |
| 0:06 | Create | Villager (Male) |
| 0:31 | Build | House |
| 0:33 | Build | House |
| 1:34 | Create | Villager (Male) |
| 1:35 | Create | Villager (Male) |
| 1:35 | Create | Villager (Male) |
| 2:12 | Create | Villager (Male) |
| 2:13 | Create | Villager (Male) |
| 2:13 | Create | Villager (Male) |
| 2:26 | Build | Settlement |
| 2:32 | Create | Villager (Male) |
| 2:32 | Create | Villager (Male) |
| 3:04 | Create | Villager (Male) |
| 3:04 | Create | Villager (Male) |
| 3:04 | Create | Villager (Male) |
| 3:51 | Create | Villager (Male) |
| 3:51 | Create | Villager (Male) |
| 3:51 | Create | Villager (Male) |
| 3:53 | Research | Loom |
| 5:17 | Create | Villager (Male) |
| 5:17 | Create | Villager (Male) |
| 5:17 | Create | Villager (Male) |
| 6:46 | Build | Settlement |
| 6:50 | Create | Villager (Male) |
| 6:51 | Create | Villager (Male) |
| 6:51 | Create | Villager (Male) |
| 7:25 | Build | Dock |
| 7:45 | Create | Villager (Male) |
| 8:26 | Create | Villager (Male) |
| 8:26 | Create | Villager (Male) |
| 8:26 | Create | Villager (Male) |
| 8:40 | Create | Fishing Ship |
| 9:03 | Build | Settlement |
| 10:07 | Research | Feudal Age |
| 10:12 | Build | Barracks |
| 10:32 | Create | Fishing Ship |
| 11:07 | Create | Unit 2550 |
| 11:08 | Create | Unit 2550 |
| 11:08 | Create | Unit 2550 |
| 11:14 | Create | Fishing Ship |
| 11:15 | Create | Fishing Ship |
| 11:42 | Build | House |
| 11:53 | Build | Palisade Gate |
| 12:17 | Age | Feudal Age |
| 12:39 | Research | Tech 1402 |
| 12:42 | Create | Villager (Male) |
| 12:42 | Create | Villager (Male) |
| 12:42 | Create | Villager (Male) |
| 12:50 | Build | Blacksmith |
| 13:02 | Build | Archery Range |
| 14:08 | Build | Farm |
| 14:13 | Create | Unit 2626 |
| 14:14 | Create | Unit 2626 |
| 15:02 | Research | Forging |
| 15:06 | Create | Fishing Ship |
| 15:07 | Create | Fishing Ship |
| 16:40 | Build | Outpost |
| 16:51 | Research | Castle Age |
| 16:58 | Build | House |
| 17:00 | Build | House |
| 17:02 | Build | House |
| 17:04 | Build | House |
| 17:25 | Build | Outpost |
| 18:25 | Build | Farm |
| 18:26 | Build | Farm |
| 18:26 | Build | Farm |
| 18:27 | Build | Farm |
| 18:28 | Build | Farm |
| 18:29 | Build | Farm |
| 18:29 | Build | Farm |
| 18:33 | Research | Double-Bit Axe |
| 18:34 | Research | Horse Collar |
| 19:31 | Age | Castle Age |
| 20:01 | Build | Farm |
| 20:02 | Create | Villager (Male) |
| 20:03 | Create | Villager (Male) |
| 20:03 | Create | Villager (Male) |
| 20:03 | Create | Villager (Male) |
| 20:18 | Build | Town Center |
| 20:25 | Research | Pikeman (upgrade) |
| 21:42 | Build | Dock |
| 21:46 | Build | Dock |
| 21:49 | Research | War Galley (upgrade) |
| 21:53 | Research | Fletching |
| 22:07 | Create | Villager (Male) |
| 22:07 | Create | Villager (Male) |
| 22:07 | Create | Villager (Male) |
| 22:07 | Create | Villager (Male) |
| 22:07 | Create | Villager (Male) |
| 22:12 | Create | Villager (Male) |
| 22:12 | Create | Villager (Male) |
| 22:12 | Create | Villager (Male) |
| 22:12 | Create | Villager (Male) |
| 22:13 | Create | Villager (Male) |
| 22:27 | Create | Galley |
| 22:27 | Create | Galley |
| 22:28 | Create | Galley |
| 22:29 | Create | Galley |
| 22:30 | Create | Galley |
| 22:49 | Build | Farm |
| 23:20 | Build | Farm |
| 23:20 | Build | Farm |
| 23:29 | Build | Farm |
| 23:48 | Research | Bodkin Arrow |
| 23:58 | Research | Gold Mining |
| 24:01 | Create | Villager (Male) |
| 24:04 | Create | Villager (Male) |
| 24:05 | Create | Villager (Male) |
| 24:54 | Create | Galley |
| 24:54 | Create | Galley |
| 24:55 | Create | Galley |
| 24:55 | Create | Galley |
| 24:55 | Create | Galley |
| 26:14 | Build | University |
| 26:18 | Create | Villager (Male) |
| 26:19 | Create | Villager (Male) |
| 26:19 | Create | Villager (Male) |
| 26:19 | Create | Villager (Male) |
| 27:34 | Build | House |
| 27:36 | Build | House |
| 27:37 | Build | House |
| 27:37 | Build | House |
| 27:38 | Build | House |
| 27:38 | Build | House |
| 27:38 | Build | House |
| 27:38 | Build | House |
| 27:38 | Build | House |
| 27:39 | Build | House |
| 27:39 | Build | House |
| 27:39 | Build | House |
| 27:42 | Build | Settlement |
| 28:11 | Create | Spearman |
| 28:12 | Create | Spearman |
| 28:12 | Create | Spearman |
| 28:12 | Create | Spearman |
| 28:12 | Create | Spearman |
| 28:12 | Create | Spearman |
| 28:12 | Create | Spearman |
| 28:13 | Create | Spearman |
| 29:29 | Create | Villager (Male) |
| 29:29 | Create | Villager (Male) |
| 29:29 | Create | Villager (Male) |
| 29:30 | Create | Villager (Male) |
| 31:36 | Build | Farm |
| 31:36 | Build | Farm |
Build order — Mrink
First 150 of 334 actions detected
| 0:04 | Create | Villager (Male) ×5 |
| 0:07 | Build | House |
| 0:10 | Build | House |
| 1:36 | Create | Villager (Male) |
| 1:58 | Build | Lumber Camp |
| 2:26 | Create | Villager (Male) |
| 2:39 | Create | Villager (Male) |
| 3:21 | Create | Villager (Male) |
| 3:44 | Create | Villager (Male) |
| 3:53 | Build | House |
| 3:56 | Build | House |
| 4:12 | Create | Villager (Male) |
| 4:40 | Create | Villager (Male) |
| 4:40 | Create | Villager (Male) |
| 4:55 | Build | Mill |
| 5:14 | Create | Villager (Male) |
| 6:00 | Create | Villager (Male) |
| 6:01 | Create | Villager (Male) |
| 6:40 | Create | Villager (Male) |
| 6:55 | Create | Villager (Male) |
| 6:56 | Research | Loom |
| 7:41 | Create | Villager (Male) |
| 7:57 | Research | Feudal Age |
| 8:19 | Build | Barracks |
| 8:20 | Build | House |
| 8:44 | Build | Mining Camp |
| 9:31 | Create | Villager (Male) |
| 9:32 | Create | Villager (Male) |
| 10:15 | Age | Feudal Age |
| 10:32 | Research | Double-Bit Axe |
| 10:43 | Research | Horse Collar |
| 11:02 | Create | Villager (Male) |
| 11:29 | Build | Farm |
| 11:35 | Build | Farm |
| 11:38 | Build | Farm |
| 11:41 | Create | Villager (Male) |
| 11:43 | Create | Villager (Male) |
| 11:59 | Create | Villager (Male) |
| 12:16 | Build | Farm |
| 12:16 | Build | Farm |
| 12:17 | Build | Farm |
| 12:17 | Build | Farm |
| 12:17 | Build | Farm |
| 12:29 | Build | House |
| 12:34 | Create | Villager (Male) |
| 12:42 | Build | Farm |
| 13:10 | Create | Villager (Male) |
| 13:12 | Build | Farm |
| 13:25 | Create | Villager (Male) |
| 13:31 | Build | Farm |
| 13:53 | Build | Farm |
| 13:58 | Build | Farm |
| 14:03 | Create | Villager (Male) |
| 14:18 | Build | Blacksmith |
| 14:25 | Create | Villager (Male) |
| 14:48 | Build | Farm |
| 14:53 | Build | Farm |
| 14:56 | Create | Villager (Male) |
| 15:18 | Build | Stable |
| 15:21 | Create | Villager (Male) |
| 16:01 | Research | Castle Age |
| 16:01 | Research | Castle Age |
| 16:06 | Build | Farm |
| 16:43 | Research | Gold Mining |
| 16:47 | Build | Stable |
| 17:16 | Build | House |
| 18:01 | Research | Bloodlines |
| 18:11 | Create | Villager (Male) |
| 18:35 | Create | Villager (Male) |
| 18:41 | Age | Castle Age |
| 18:43 | Build | Town Center |
| 18:45 | Create | Knight ×2 |
| 18:53 | Create | Villager (Male) |
| 19:16 | Create | Knight |
| 19:37 | Create | Villager (Male) |
| 19:40 | Create | Knight |
| 19:40 | Create | Knight |
| 20:04 | Research | Scale Barding Armor |
| 20:04 | Research | Forging |
| 20:17 | Create | Villager (Male) |
| 20:22 | Create | Villager (Male) |
| 20:22 | Create | Villager (Male) |
| 20:27 | Create | Villager (Male) |
| 20:47 | Create | Villager (Male) |
| 20:50 | Build | House |
| 20:52 | Build | House |
| 20:54 | Build | House |
| 20:57 | Create | Villager (Male) |
| 21:02 | Research | Wheelbarrow |
| 21:05 | Create | Villager (Male) |
| 21:29 | Research | Husbandry |
| 21:37 | Create | Knight ×3 |
| 21:43 | Create | Villager (Male) |
| 21:52 | Build | Monastery |
| 22:09 | Create | Villager (Male) |
| 22:13 | Create | Villager (Male) |
| 22:14 | Create | Villager (Male) |
| 22:18 | Create | Villager (Male) |
| 22:47 | Research | Town Watch |
| 22:52 | Research | Bow Saw |
| 23:02 | Build | Farm |
| 23:26 | Create | Monk |
| 23:30 | Create | Villager (Male) |
| 23:38 | Build | Town Center |
| 23:54 | Create | Villager (Male) |
| 23:55 | Create | Villager (Male) |
| 24:08 | Create | Knight ×3 |
| 24:36 | Create | Knight ×3 |
| 25:06 | Create | Villager (Male) |
| 25:06 | Create | Villager (Male) |
| 25:43 | Create | Knight ×5 |
| 25:47 | Build | Farm |
| 26:43 | Create | Knight ×5 |
| 26:48 | Build | Farm |
| 26:48 | Build | Farm |
| 26:48 | Build | Farm |
| 26:49 | Build | Farm |
| 26:49 | Build | Farm |
| 26:50 | Build | Farm |
| 27:18 | Build | House |
| 27:20 | Build | House |
| 27:21 | Build | House |
| 27:44 | Research | Chain Barding Armor |
| 27:50 | Research | Chain Barding Armor |
| 27:51 | Research | Iron Casting |
| 28:42 | Create | Knight ×5 |
| 29:42 | Build | University |
| 29:43 | Create | Villager (Male) |
| 29:44 | Create | Villager (Male) |
| 29:46 | Build | House |
| 29:50 | Create | Villager (Male) ×5 |
| 30:28 | Create | Villager (Male) |
| 30:28 | Create | Villager (Male) |
| 30:45 | Create | Villager (Male) |
| 30:46 | Create | Villager (Male) |
| 30:55 | Build | Mining Camp |
| 31:34 | Create | Villager (Male) |
| 31:35 | Create | Villager (Male) |
| 32:08 | Build | Farm |
| 32:09 | Build | Farm |
| 32:09 | Build | Farm |
| 32:09 | Build | Farm |
| 32:10 | Build | Farm |
| 32:46 | Research | Imperial Age |
| 32:50 | Create | Villager (Male) |
| 32:50 | Create | Villager (Male) |
| 32:51 | Create | Villager (Male) |
| 33:17 | Create | Knight ×5 |
| 33:18 | Create | Knight |
| 33:19 | Create | Knight |
Build order — culturaparacas
First 150 of 748 actions detected
| 0:04 | Research | Loom |
| 0:05 | Create | Villager (Male) |
| 0:05 | Create | Villager (Male) |
| 0:05 | Create | Villager (Male) |
| 0:06 | Create | Villager (Male) |
| 0:06 | Create | Villager (Male) |
| 0:09 | Build | House |
| 0:11 | Build | House |
| 1:32 | Create | Villager (Male) |
| 1:32 | Create | Villager (Male) |
| 1:32 | Create | Villager (Male) |
| 2:18 | Create | Villager (Male) |
| 2:19 | Create | Villager (Male) |
| 2:45 | Create | Villager (Male) |
| 2:45 | Create | Villager (Male) |
| 2:45 | Create | Villager (Male) |
| 3:20 | Build | Lumber Camp |
| 3:38 | Build | House |
| 3:43 | Create | Villager (Male) |
| 3:43 | Create | Villager (Male) |
| 3:43 | Create | Villager (Male) |
| 3:44 | Create | Villager (Male) |
| 4:28 | Create | Villager (Male) |
| 4:28 | Create | Villager (Male) |
| 5:37 | Build | House |
| 5:43 | Create | Villager (Male) |
| 5:44 | Create | Villager (Male) |
| 5:45 | Create | Villager (Male) |
| 6:40 | Build | Mill |
| 7:05 | Build | Palisade Wall |
| 7:07 | Create | Villager (Male) |
| 7:07 | Create | Villager (Male) |
| 7:44 | Build | Palisade Wall |
| 7:59 | Research | Feudal Age |
| 8:40 | Build | House |
| 8:43 | Build | House |
| 8:59 | Build | Palisade Wall |
| 9:13 | Build | Mining Camp |
| 9:48 | Create | Villager (Male) |
| 9:48 | Create | Villager (Male) |
| 10:01 | Build | Palisade Wall |
| 10:09 | Age | Feudal Age |
| 10:16 | Build | Barracks |
| 11:00 | Build | Archery Range |
| 11:06 | Build | Palisade Wall |
| 11:11 | Create | Villager (Male) |
| 11:12 | Create | Villager (Male) |
| 11:26 | Build | Palisade Gate |
| 11:38 | Research | Double-Bit Axe |
| 11:42 | Create | Villager (Male) |
| 11:47 | Create | Archer |
| 11:47 | Create | Archer |
| 12:17 | Build | House |
| 12:26 | Create | Archer |
| 12:46 | Create | Villager (Male) |
| 12:46 | Create | Villager (Male) |
| 13:04 | Build | Archery Range |
| 13:12 | Create | Villager (Male) |
| 13:23 | Build | House |
| 13:28 | Create | Archer |
| 13:39 | Create | Archer |
| 13:44 | Create | Villager (Male) |
| 14:01 | Build | Archery Range |
| 14:13 | Create | Villager (Male) |
| 14:25 | Create | Archer |
| 14:26 | Create | Archer |
| 14:46 | Create | Archer |
| 14:47 | Create | Archer |
| 14:47 | Create | Archer |
| 14:47 | Create | Archer |
| 14:47 | Create | Archer |
| 14:54 | Build | House |
| 14:56 | Create | Villager (Male) |
| 14:57 | Create | Villager (Male) |
| 15:01 | Research | Wheelbarrow |
| 15:28 | Create | Villager (Male) |
| 15:33 | Build | Farm |
| 15:33 | Build | Farm |
| 15:33 | Build | Farm |
| 15:33 | Build | Farm |
| 16:02 | Create | Archer |
| 16:02 | Create | Archer |
| 16:02 | Create | Archer |
| 16:02 | Create | Archer |
| 16:26 | Create | Villager (Male) |
| 16:32 | Build | Blacksmith |
| 16:34 | Create | Villager (Male) |
| 16:36 | Create | Archer |
| 16:37 | Create | Archer |
| 16:37 | Create | Archer |
| 17:04 | Build | Lumber Camp |
| 17:29 | Create | Archer |
| 17:30 | Create | Archer |
| 17:30 | Create | Archer |
| 17:30 | Create | Archer |
| 17:34 | Build | House |
| 18:12 | Create | Spearman |
| 18:12 | Create | Spearman |
| 18:13 | Create | Spearman |
| 18:29 | Create | Villager (Male) |
| 18:29 | Create | Villager (Male) |
| 18:38 | Research | Horse Collar |
| 18:41 | Build | Farm |
| 18:41 | Build | Farm |
| 18:41 | Build | Farm |
| 18:46 | Build | Farm |
| 19:13 | Research | Fletching |
| 19:14 | Research | Padded Archer Armor |
| 19:27 | Create | Villager (Male) |
| 19:27 | Create | Villager (Male) |
| 19:33 | Build | Farm |
| 19:33 | Build | Farm |
| 20:37 | Create | Spearman |
| 20:40 | Create | Villager (Male) |
| 20:40 | Create | Villager (Male) |
| 20:41 | Create | Villager (Male) |
| 20:47 | Build | Market |
| 20:55 | Create | Archer |
| 20:55 | Create | Archer |
| 20:55 | Create | Archer |
| 20:56 | Create | Archer |
| 20:56 | Create | Archer |
| 20:56 | Create | Archer |
| 20:56 | Create | Archer |
| 20:56 | Create | Archer |
| 20:57 | Create | Archer |
| 20:57 | Create | Archer |
| 20:57 | Create | Archer |
| 20:57 | Create | Archer |
| 21:42 | Build | House |
| 21:43 | Build | House |
| 21:43 | Build | House |
| 21:43 | Build | House |
| 21:44 | Build | House |
| 21:44 | Build | House |
| 22:23 | Research | Castle Age |
| 22:39 | Create | Spearman |
| 22:57 | Create | Archer |
| 22:57 | Create | Archer |
| 22:58 | Create | Archer |
| 22:58 | Create | Archer |
| 22:58 | Create | Archer |
| 22:58 | Create | Archer |
| 23:10 | Build | House |
| 23:13 | Build | House |
| 23:20 | Build | House |
| 23:48 | Create | Spearman |
| 23:48 | Create | Spearman |
| 23:54 | Create | Archer |
| 23:54 | Create | Archer |
Build order — Alvaro_Pirichy
First 150 of 482 actions detected
| 0:05 | Build | House |
| 0:07 | Build | House |
| 0:07 | Create | Villager (Male) |
| 0:07 | Create | Villager (Male) |
| 0:08 | Create | Villager (Male) |
| 0:14 | Create | Villager (Male) |
| 0:14 | Create | Villager (Male) |
| 1:38 | Create | Villager (Male) |
| 2:05 | Create | Villager (Male) |
| 2:45 | Create | Villager (Male) |
| 2:51 | Build | Lumber Camp |
| 2:53 | Create | Villager (Male) |
| 2:54 | Create | Villager (Male) |
| 3:06 | Create | Villager (Male) |
| 3:29 | Build | House |
| 4:03 | Create | Villager (Male) |
| 4:04 | Create | Villager (Male) |
| 4:23 | Create | Villager (Male) |
| 5:12 | Create | Villager (Male) |
| 5:23 | Build | Dock |
| 5:37 | Build | House |
| 6:03 | Create | Villager (Male) |
| 6:05 | Create | Villager (Male) |
| 6:09 | Build | House |
| 6:11 | Build | House |
| 6:30 | Create | Fishing Ship |
| 6:33 | Create | Villager (Male) |
| 6:52 | Create | Villager (Male) |
| 6:54 | Create | Villager (Male) |
| 7:04 | Build | House |
| 7:09 | Create | Fishing Ship |
| 7:48 | Create | Fishing Ship |
| 7:51 | Create | Villager (Male) |
| 8:02 | Build | Lumber Camp |
| 8:07 | Build | House |
| 8:10 | Create | Villager (Male) |
| 8:24 | Create | Fishing Ship |
| 8:43 | Create | Villager (Male) |
| 8:53 | Create | Fishing Ship |
| 9:20 | Create | Fishing Ship |
| 9:26 | Create | Villager (Male) |
| 9:28 | Research | Loom |
| 9:36 | Build | House |
| 9:37 | Build | House |
| 9:55 | Build | Dock |
| 10:01 | Create | Fishing Ship |
| 10:07 | Create | Villager (Male) |
| 10:08 | Create | Villager (Male) |
| 10:54 | Create | Villager (Male) |
| 10:58 | Create | Fishing Ship |
| 11:08 | Create | Fishing Ship |
| 11:29 | Create | Fishing Ship |
| 11:31 | Create | Fishing Ship |
| 11:38 | Build | Dock |
| 11:43 | Create | Fishing Ship |
| 11:47 | Create | Villager (Male) |
| 11:48 | Create | Villager (Male) |
| 12:08 | Build | Dock |
| 12:14 | Create | Fishing Ship |
| 12:25 | Build | Dock |
| 12:31 | Create | Fishing Ship |
| 12:32 | Create | Fishing Ship |
| 12:53 | Create | Villager (Male) |
| 12:54 | Create | Villager (Male) |
| 13:08 | Create | Fishing Ship |
| 13:10 | Create | Fishing Ship |
| 13:11 | Create | Fishing Ship |
| 13:12 | Create | Fishing Ship |
| 13:22 | Build | Dock |
| 13:28 | Create | Fishing Ship |
| 13:32 | Create | Villager (Male) |
| 13:43 | Create | Fishing Ship |
| 13:50 | Create | Fishing Ship |
| 13:55 | Create | Fishing Ship |
| 13:57 | Build | House |
| 14:02 | Build | House |
| 14:04 | Build | House |
| 14:06 | Build | House |
| 14:09 | Build | House |
| 14:22 | Create | Fishing Ship |
| 14:23 | Create | Fishing Ship |
| 14:24 | Create | Fishing Ship |
| 14:25 | Create | Fishing Ship |
| 14:38 | Create | Fishing Ship |
| 14:39 | Create | Fishing Ship |
| 14:52 | Build | House |
| 14:53 | Build | House |
| 14:54 | Build | House |
| 14:55 | Build | House |
| 14:56 | Build | House |
| 14:59 | Build | House |
| 15:00 | Build | House |
| 15:01 | Build | House |
| 15:03 | Create | Villager (Male) |
| 15:06 | Research | Feudal Age |
| 15:18 | Create | Fishing Ship |
| 15:22 | Create | Fishing Ship |
| 15:38 | Create | Fishing Ship |
| 15:49 | Build | Mining Camp |
| 16:00 | Create | Villager (Male) |
| 16:02 | Create | Fishing Ship |
| 16:20 | Create | Fishing Ship |
| 16:21 | Create | Fishing Ship |
| 16:35 | Create | Fishing Ship |
| 16:47 | Create | Villager (Male) |
| 17:02 | Build | Dock |
| 17:10 | Create | Fishing Ship |
| 17:18 | Create | Villager (Male) |
| 17:28 | Build | Mining Camp |
| 17:38 | Age | Feudal Age |
| 17:40 | Research | Double-Bit Axe |
| 17:43 | Research | Gold Mining |
| 17:46 | Research | Tech 906 |
| 17:51 | Create | Fishing Ship |
| 17:55 | Create | Villager (Male) |
| 18:02 | Create | Villager (Male) |
| 18:03 | Create | Villager (Male) |
| 18:21 | Build | Dock |
| 18:27 | Create | Fishing Ship |
| 18:28 | Create | Fishing Ship |
| 18:37 | Build | Blacksmith |
| 18:46 | Create | Fishing Ship |
| 19:09 | Create | Villager (Male) |
| 19:26 | Build | Mill |
| 19:52 | Create | Galley |
| 19:52 | Create | Galley |
| 19:53 | Create | Galley |
| 19:53 | Create | Galley |
| 19:54 | Create | Galley |
| 19:54 | Create | Galley |
| 19:54 | Create | Galley |
| 19:58 | Create | Villager (Male) |
| 20:13 | Create | Villager (Male) |
| 20:24 | Build | Market |
| 20:39 | Create | Galley |
| 20:39 | Create | Galley |
| 20:49 | Research | Fletching |
| 21:54 | Create | Villager (Male) |
| 21:58 | Research | Castle Age |
| 22:07 | Build | Mining Camp |
| 22:14 | Build | Lumber Camp |
| 22:24 | Research | Scale Mail Armor |
| 22:40 | Create | Galley |
| 22:40 | Create | Galley |
| 22:41 | Create | Galley |
| 22:41 | Create | Galley |
| 22:56 | Create | Villager (Male) |
| 23:08 | Create | Galley |
| 23:09 | Create | Galley |
| 23:37 | Create | Galley |
Match timeline
| 1:55 | SURTIME · first_building Dock |
| 5:23 | Alvaro_Pirichy · first_building Dock |
| 7:05 | culturaparacas · wall_segment Palisade Wall x10 |
| 7:25 | filas95 · first_building Dock |
| 7:44 | culturaparacas · wall_segment Palisade Wall x10 |
| 7:47 | Carlomagno_dp · first_building Dock |
| 8:19 | Mrink · first_building Barracks |
| 8:59 | culturaparacas · wall_segment Palisade Wall x6 |
| 10:01 | culturaparacas · wall_segment Palisade Wall x4 |
| 10:09 | culturaparacas · age_up feudal |
| 10:12 | filas95 · first_building Barracks |
| 10:15 | Mrink · age_up feudal |
| 10:16 | culturaparacas · first_building Barracks |
| 11:00 | culturaparacas · first_building Archery Range |
| 11:06 | culturaparacas · wall_segment Palisade Wall x8 |
| 11:57 | SURTIME · age_up feudal |
| 12:17 | filas95 · age_up feudal |
| 13:02 | filas95 · first_building Archery Range |
| 13:54 | Carlomagno_dp · first_building Barracks |
| 14:04 | Carlomagno_dp · age_up feudal |
| 14:39 | Carlomagno_dp · first_building Stable |
| 15:18 | Mrink · first_building Stable |
| 17:08 | SURTIME · wall_segment Palisade Wall x1 |
| 17:38 | Alvaro_Pirichy · age_up feudal |
| 18:41 | Mrink · age_up castle |
| 19:31 | filas95 · age_up castle |
| 21:29 | SURTIME · age_up castle |
| 21:47 | culturaparacas · first_market_sell 100 wood |
| 21:50 | culturaparacas · first_market_buy 100 food |
| 21:52 | Mrink · first_building Monastery |
| 24:38 | Alvaro_Pirichy · age_up castle |
| 25:05 | culturaparacas · age_up castle |
| 25:31 | Alvaro_Pirichy · first_market_sell 500 food |
| 25:34 | Alvaro_Pirichy · first_market_buy 100 stone |
| 25:41 | Alvaro_Pirichy · first_building Castle |
| 27:39 | SURTIME · first_building Barracks |
| 27:48 | SURTIME · first_building Monastery |
| 27:57 | culturaparacas · wall_segment Palisade Wall x8 |
| 28:40 | SURTIME · first_building Stable |
| 29:00 | Carlomagno_dp · first_building Archery Range |
| 31:29 | Carlomagno_dp · age_up castle |
| 31:47 | filas95 · first_building Monastery |
| 34:04 | culturaparacas · first_building Siege Workshop |
| 35:27 | filas95 · age_up imperial |
| 35:32 | Mrink · tribute_sent a jugador 1 |
| 35:32 | Mrink · tribute_sent a jugador 2 |
| 35:32 | Mrink · tribute_sent a jugador 3 |
| 35:32 | Mrink · tribute_sent a jugador 5 |
| 35:32 | Mrink · tribute_sent a jugador 6 |
| 35:56 | Mrink · age_up imperial |
| 36:38 | Carlomagno_dp · first_building Castle |
| 37:25 | Alvaro_Pirichy · first_building Barracks |
| 37:37 | filas95 · first_building Castle |
| 38:00 | Mrink · first_building Castle |
| 40:44 | Mrink · first_market_buy 100 food |
| 41:20 | culturaparacas · first_building Castle |
| 42:10 | Alvaro_Pirichy · age_up imperial |
| 43:16 | culturaparacas · age_up imperial |
| 43:56 | Carlomagno_dp · age_up imperial |
| 48:16 | SURTIME · age_up imperial |
| 48:28 | Mrink · tribute_sent a jugador 1 |
| 48:28 | Mrink · tribute_sent a jugador 2 |
| 48:28 | Mrink · tribute_sent a jugador 3 |
| 48:28 | Mrink · tribute_sent a jugador 5 |
| 48:28 | Mrink · tribute_sent a jugador 6 |
| 49:02 | Mrink · first_building Siege Workshop |
| 49:03 | culturaparacas · wall_segment Palisade Wall x10 |
| 49:10 | Carlomagno_dp · first_building Siege Workshop |
| 49:55 | Alvaro_Pirichy · first_building Archery Range |
| 50:37 | Mrink · first_market_sell 500 wood |
| 50:54 | Mrink · tribute_sent a jugador 1 |
| 50:54 | Mrink · tribute_sent a jugador 2 |
| 50:54 | Mrink · tribute_sent a jugador 3 |
| 50:54 | Mrink · tribute_sent a jugador 5 |
| 50:54 | Mrink · tribute_sent a jugador 6 |
| 52:05 | Carlomagno_dp · first_market_sell 500 food |
| 54:46 | Mrink · tribute_sent a jugador 1 |
| 54:46 | Mrink · tribute_sent a jugador 2 |
| 54:46 | Mrink · tribute_sent a jugador 3 |
| 54:46 | Mrink · tribute_sent a jugador 5 |
| 54:46 | Mrink · tribute_sent a jugador 6 |
| 55:03 | SURTIME · first_building Siege Workshop |
| 55:27 | SURTIME · first_building Castle |
| 57:29 | SURTIME · first_building Archery Range |
| 63:25 | filas95 · first_market_sell 500 food |
| 66:22 | filas95 · resign |
[ AI ANALYSIS · 1 CREDIT ]
What really happened in this match?
Wolo.gg analyzes every decision: build order, eco, micro, common mistakes by bracket. Personalized analysis on WhatsApp or Discord in 30 seconds.
Civ guide
Italians
Perfil
Jugador #3102736